 Dungeon Crawl Stone Soup version 0.22-a0-253-gf9d0ce5 (webtiles) character file.

2637 BrockBr the Covert (level 9, -1/52 HPs)
             Began as a Halfling Assassin on Mar 4, 2018.
             Was a Priest of Hepliaklqana.
             Killed by nerve-wracking pain
             ... invoked by an orc priest
              (11 damage)
             ... on level 8 of the Dungeon.
             The game lasted 01:15:35 (7004 turns).

BrockBr the Covert (Halfling Assassin)              Turns: 7004, Time: 01:15:35

Health: -1/52      AC:  9    Str: 12      XL:     9   Next: 92%
Magic:  9/9        EV: 17    Int:  8 (9)  God:    Hepliaklqana [***...]
Gold:   127        SH:  0    Dex: 21 (22) Spells: 8/8 levels left

rFire    . . .     SeeInvis .   L - +3 rapier (drain)
rCold    + . .     Gourm    .   (shield restricted)
rNeg     . . .     Faith    .   c - +0 robe
rPois    .         Spirit   .   J - +0 helmet
rElec    .         Reflect  .   E - +0 cloak
rCorr    .         Harm     .   V - +1 pair of gloves {Dex+3}
MR       .....                  D - +0 pair of boots
Stlth    +++++.....             h - amulet of the acrobat
HPRegen  0.17/turn              S - ring of protection from cold
MPRegen  0.11/turn              H - +2 ring of protection

@: about to teleport
A: small, reduced essence, deterioration 1, mutation resistance 1
a: Recall Ancestor, Ancestor Identity, Transference, Renounce Religion


You were on level 8 of the Dungeon.
You worshipped Hepliaklqana.
Hepliaklqana was most pleased with you.
You were not hungry.

You visited 2 branches of the dungeon, and saw 9 of its levels.

You collected 358 gold pieces.
You spent 231 gold pieces at shops.

Inventory:

Hand Weapons
 a - a +2 dagger
 b - a +0 blowgun
 q - a +0 hunting sling
 w - a +4 quarterstaff of chaos
 K - a +2 short sword of speed
 L - a +3 rapier of draining (weapon)
Missiles
 e - 15 poisoned needles (quivered)
 f - 7 curare-tipped needles
 t - 30 bolts
 u - 76 sling bullets
Armour
 c - a +0 robe (worn)
 D - a +0 pair of boots (worn)
 E - a +0 cloak (worn)
 G - the +0 ring mail of Decompression {-Tele rC++ Int+3}
   (You found it on level 5 of the Dungeon)

   It affects your intelligence (+3).
   It greatly protects you from cold.
   It prevents most forms of teleportation.
 I - a +4 scale mail
 J - a +0 helmet (worn)
 R - a +2 leather armour of poison resistance
 V - a +1 pair of gloves of dexterity (worn)
 Y - a +3 leather armour
Magical Staves
 P - an uncursed staff of fire
 Z - an uncursed staff of air
Jewellery
 h - an amulet of the acrobat (around neck)
 p - an uncursed ring of fire
 H - a +2 ring of protection (right hand)
 S - a ring of protection from cold (left hand)
Wands
 M - a wand of paralysis (14)
Scrolls
 i - 2 scrolls of blinking {unknown}
 j - 2 scrolls of fear {unknown}
 m - a scroll of teleportation
 n - 2 scrolls of fog
 o - a scroll of magic mapping {unknown}
 r - 7 scrolls of remove curse
 v - a scroll of enchant armour {unknown}
 y - 3 scrolls of immolation
 A - 2 scrolls of amnesia {unknown}
 O - a scroll of enchant weapon {unknown}
 W - a scroll of silence {unknown}
 X - a scroll of random uselessness {unknown}
Potions
 d - 2 potions of curing {unknown}
 k - a potion of resistance
 l - 2 potions of flight {unknown}
 s - 2 potions of mutation
 x - a potion of magic
 z - 2 potions of haste
 B - a potion of cancellation
 C - a potion of degeneration {unknown}
 F - a potion of lignification {unknown}
 T - a potion of agility {unknown}
 U - a potion of heal wounds
Comestibles
 g - 14 rations


   Skills:
 + Level 3.7 Fighting
 + Level 8.6 Short Blades
 + Level 2.0 Throwing
 + Level 3.2 Armour
 + Level 4.0 Dodging
 * Level 11.2 Stealth


You had 8 spell levels left.
You didn't know any spells.

Dungeon Overview and Level Annotations

Branches:
Dungeon (8/15)             Temple (1/1) D:5
   Lair: D:8-11

Altars:
Ashenzari
Cheibriados
Dithmenos
Elyvilon
Fedhas
Gozag
Hepliaklqana
Kikubaaqudgha
Makhleb
Nemelex Xobeh
Okawaru
Qazlal
Ru
Sif Muna
Trog
Uskayaw
Vehumet
Wu Jian
Xom
Yredelemnul
The Shining One

Shops:
D:7 [   D:8 !


Innate Abilities, Weirdness & Mutations

You are small and have problems with some larger weapons.
You are somewhat resistant to further mutation.
Your life essence is reduced to manifest your ancestor. (-10% HP)
Your body sometimes deteriorates upon taking damage.


Message History

Datsu blocks the poisoned needle.
As you read the scroll of teleportation, it crumbles to dust.
You feel strangely unstable.
Your surroundings suddenly seem different.
An orc comes into view. It is wielding a war axe.
The orc shouts!
An orc wizard comes into view.
It is wielding a dagger of electrocution.
The orc wizard shouts!
An orc wizard comes into view. It is wielding a dagger of flaming.
The orc wizard shouts!
An orc priest comes into view. It is wielding a club.
The orc priest shouts!
Found a faintly glowing ring mail.
An orc priest comes into view. It is wielding a trident.
As you read the scroll of teleportation, it crumbles to dust.
You feel strangely unstable.
The orc priest shouts!
The orc priest invokes the aid of Beogh against you.
Pain shoots through your body!
You die...

#.## #..#
. ##.## .
##### #(.#
. #...#
##.# .
#...#
#.##.
#...#
#..#.
#...#
##.#.
#.@.# #.$.
....o.[..#
##.(
###.oo.o.#
#..
#.....##
#..
#.....#
#.>
#....o#
###
#.....#
#.....#


You could see 2 orc priests, 2 orc wizards and an orc.

Vanquished Creatures
  Pikel (D:5)
  Grinder (D:4)
  3 sky beasts
  A slave (D:5)
  3 phantoms
  The ghost of Jynri the Magician, an amateur DrWz (D:3)
  2 ogres (D:4)
  A water moccasin skeleton (D:7)
  A scorpion (D:7)
  Crazy Yiuf (D:3)
  A bullfrog zombie (D:7)
  A hound (D:6)
  4 orc priests
  An orc wizard (D:7)
  2 worker ants (D:4)
  2 hound skeletons (D:6)
  8 adders
  2 river rats (D:6)
  2 oozes
  An adder skeleton (D:6)
  A worm (D:4)
  2 dart slugs (D:1)
  3 leopard geckos
  12 orcs
  3 ball pythons
  2 giant cockroaches
  10 goblins
  4 hobgoblins
  5 kobolds
  2 quokkas (D:7)
  3 bats
  3 frilled lizards
  A giant cockroach zombie (D:5)
  A quokka skeleton (D:4)
  9 rats
100 creatures vanquished.

Vanquished Creatures (collateral kills)
  A phantom (D:6)
  2 centaurs
  A howler monkey (D:6)
  3 crimson imps
  2 orc priests (D:6)
  A centaur skeleton (D:7)
  A hound (D:7)
  3 orc wizards (D:6)
  An iguana (D:7)
  A worker ant (D:5)
  3 river rats (D:6)
  7 orcs
  A ball python (D:6)
  A giant cockroach (D:7)
  A kobold (D:2)
29 creatures vanquished.

Vanquished Creatures (others)
  An ancestor (D:5)
  A shadow imp (D:5)
2 creatures vanquished.

Grand Total: 131 creatures vanquished

Notes
Turn   | Place    | Note
-------+----------+-------------------------------------------
     0 | D:1      | BrockBr the Halfling Assassin began the quest for the Orb.
     0 | D:1      | Reached XP level 1. HP: 14/14 MP: 1/1
    88 | D:1      | Reached XP level 2. HP: 19/19 MP: 2/2
   411 | D:1      | Reached skill level 5 in Stealth
   480 | D:1      | Reached XP level 3. HP: 22/24 MP: 3/3
   930 | D:2      | Reached XP level 4. HP: 29/29 MP: 4/4
  1189 | D:2      | Gained mutation: Your body sometimes deteriorates upon taking damage. [potion of mutation]
  1313 | D:2      | Reached skill level 6 in Stealth
  1404 | D:2      | You fall through a shaft for 2 floors!
  1416 | D:4      | Noticed an ogre
  1432 | D:4      | Killed an ogre
  1432 | D:4      | Reached XP level 5. HP: 18/34 MP: 5/5
  1585 | D:4      | Found a shimmering altar of Xom.
  1586 | D:4      | Noticed Grinder
  1587 | D:4      | Found a shimmering altar of Xom.
  1592 | D:4      | Killed Grinder
  1592 | D:4      | Reached skill level 7 in Stealth
  1592 | D:4      | Reached XP level 6. HP: 39/39 MP: 6/6
  1597 | D:4      | Found a shimmering altar of Xom.
  1598 | D:4      | Found a shimmering altar of Xom.
  1659 | D:4      | Reached XP level 7. HP: 6/45 MP: 7/7
  1674 | D:4      | HP: 2/45 [poisoned by a worker ant]
  1682 | D:4      | HP: 2/45 [poisoned by a worker ant]
  1975 | D:3      | Found a hazy altar of Hepliaklqana.
  2001 | D:3      | Became a worshipper of Hepliaklqana the Forgotten
  2053 | D:3      | Reached skill level 8 in Stealth
  2071 | D:3      | Noticed Jynri's ghost (amateur DrWz)
  2101 | D:3      | HP: 1/40 [Jynri's ghost/magic dart (6)]
  2503 | D:3      | Found a runed door.
  2507 | D:3      | Noticed Crazy Yiuf
  2511 | D:3      | Killed Crazy Yiuf
  2511 | D:3      | Reached skill level 5 in Short Blades
  2692 | D:3      | Killed Jynri's ghost
  3258 | D:2      | You fall through a shaft for 2 floors!
  3910 | D:4      | Reached * piety under Hepliaklqana
  4053 | D:4      | Reached skill level 9 in Stealth
  4054 | D:4      | Found a white marble altar of Elyvilon.
  4054 | D:4      | Found an ancient bone altar of Kikubaaqudgha.
  4068 | D:4      | Found a bloodstained altar of Trog.
  4464 | D:4      | Found a faded altar of an unknown god.
  4472 | D:4      | Found a shattered altar of Ashenzari.
  4525 | D:5      | Entered Level 5 of the Dungeon
  4526 | D:5      | Noticed Pikel
  4553 | D:5      | Killed Pikel
  4553 | D:5      | Reached skill level 1 in Armour
  4553 | D:5      | Reached XP level 8. HP: 36/45 MP: 8/8
  4740 | D:5      | Found a staircase to the Ecumenical Temple.
  5062 | D:5      | Got a dazzling ring mail
  5073 | D:5      | Identified the cursed +0 ring mail of Decompression {-Tele rC++ Int+3} (You found it on level 5 of the Dungeon)
  5337 | Temple   | Entered the Ecumenical Temple
  5568 | D:6      | Reached ** piety under Hepliaklqana
  5573 | D:6      | Reached skill level 10 in Stealth
  5638 | D:6      | Reached XP level 9. HP: 45/50 MP: 9/9
  5787 | D:6      | Remembered your ancestor Datsu as a knight
  5919 | D:6      | Found a glowing drain.
  6480 | D:7      | Found Gebariff's Armour Boutique.
  6488 | D:7      | Bought a +1 pair of gloves of dexterity for 231 gold pieces
  6552 | D:7      | Reached skill level 11 in Stealth
  6886 | D:7      | Reached *** piety under Hepliaklqana
  6957 | D:8      | Found Siteed's Distillery.
  6976 | D:8      | Noticed a two-headed ogre
  7004 | D:8      | Killed from afar by an orc priest

Vault maps used:
D:1:      scummos_arrival_checkerplants
D:2:      serial_forest, infiniplex_forest_clump_small,
          infiniplex_forest_lined_room_, infiniplex_forest_straight_3,
          infiniplex_forest_diagonal, infiniplex_forest_pool,
          minmay_pentomino_s2
D:3:      lemuel_coloured_pillars_altar, uniq_crazy_yiuf_cottage
D:4:      xom_redecorated, chequers_temple_overflow_minitemple, first_ration,
          hangedman_decor_push, fountainhead, hangedman_minor_gate_pass,
          uniq_grinder
D:5:      temple_green, uniq_pikel
D:6:      portal_sewer_entry_e
D:7:      serial_shops, shop
D:8:      serial_shops, shop
Temple:   regret_index_temple_waves

Skill      XL: |  1  2  3  4  5  6  7  8  9 |
---------------+----------------------------+-----
Short Blades   | 3 4 6 8 |  8.6
Stealth        | 5 6 7 9 10 11 | 11.2
Fighting       | 2 3 |  3.7
Dodging        | 2 3 4 |  4.0
Armour         | 1 2 3 |  3.2
Throwing       | |  2.0

Action                   |  1- 3 |  4- 6 |  7- 9 || total
-------------------------+-------+-------+-------++-------
Melee: Dagger            |    61 |    67 |   115 ||   243
       Rapier            |       |       |   182 ||   182
       Staff             |       |       |     4 ||     4
Invok: Recall Ancestor   |       |       |     3 ||     3
       Ancestor Identity |       |       |     2 ||     2
       Ancestor Life: Kn |       |       |     1 ||     1
  Use: Potion            |       |     1 |     2 ||     3
       Scroll            |       |       |    11 ||    11
 Stab: Sleeping          |     8 |     4 |    26 ||    38
       Distracted        |       |       |     3 ||     3
  Eat: Chunk             |       |     2 |    14 ||    16
       Ration            |       |       |     1 ||     1
Armor: Robe              |     5 |     3 |    28 ||    36
       Scale mail        |       |       |    64 ||    64
Dodge: Dodged            |    22 |    44 |   172 ||   238

Table legend:
 A = Spawn XP
 B = Non-spawn XP
 C = Spawn XP percentage of total XP
 D = Spawn monster count
 E = Non-spawn monster count
 F = Spawn count percentage of total count
 G = Total turns spent on level
                    A         B        C        D         E        F      G
               +---------+---------+-------+---------+---------+-------+---------
         Total |       0 |    3768 |   0.0 |       0 |     128 |   0.0 |  7004
               +---------+---------+-------+---------+---------+-------+---------
           D:1 |       0 |      42 |   0.0 |       0 |      20 |   0.0 |   832
           D:2 |       0 |      89 |   0.0 |       0 |      22 |   0.0 |   887
           D:3 |       0 |     216 |   0.0 |       0 |       9 |   0.0 |  1033
           D:4 |       0 |     652 |   0.0 |       0 |      17 |   0.0 |  1773
           D:5 |       0 |     728 |   0.0 |       0 |       7 |   0.0 |   851
           D:6 |       0 |    1153 |   0.0 |       0 |      34 |   0.0 |   790
           D:7 |       0 |     888 |   0.0 |       0 |      19 |   0.0 |   664
               +---------+---------+-------+---------+---------+-------+---------
